 Dungeon Crawl Stone Soup version 0.32-a0-818-gb728d02 (webtiles) character file.

Game seed: 17806765785102242012

98 Dorkslayer the Shield-Bearer (level 4, -4/31 HPs)
             Began as an Octopode Fighter on Mar 23, 2024.
             Slain by a gnoll
             ... wielding a +0 halberd
              (7 damage)
             ... on level 2 of the Dungeon.
             The game lasted 00:02:45 (883 turns).

Dorkslayer the Shield-Bearer (Octopode Fighter)      Turns: 883, Time: 00:02:46

Health: -4/31      AC:  1    Str: 17    XL:     4   Next: 71%
Magic:  4/4        EV: 12    Int: 10    God:
Gold:   56         SH:  4    Dex: 11    Spells: 3/3 levels left

rFire   . . .        a - +0 war axe
rCold   . . .        b - +0 buckler
rNeg    . . .        (helmet restricted)
rPois   .            (no amulet)
rElec   .            (no ring)
rCorr   .            (no ring)
SInv    .            (no ring)
Will    .....        (no ring)
Stlth   +++          (no ring)
HPRegen 0.25/turn    (no ring)
MPRegen 0.09/turn    (no ring)
                     (no ring)

%: no passive effects
@: mighty, hasted, very quick
A: almost no armour, amphibious, 8 rings, camouflage 1, gelatinous body 1,
(nimble swimmer 1), tentacles
a: no special abilities


You were on level 2 of the Dungeon.
You visited 1 branch of the dungeon, and saw 2 of its levels.

You collected 56 gold pieces.

Inventory:

Hand Weapons
 a - a +0 war axe (weapon)
Armour
 b - a +0 buckler (worn)
Scrolls
 d - 3 scrolls of teleportation {unknown}
 f - a scroll of enchant weapon {unknown}
 j - 2 scrolls of identify {unknown}
Potions
 e - a potion of haste
 g - 2 potions of berserk rage {unknown}
 h - a potion of cancellation {unknown}
 i - a potion of curing {unknown}
 k - a potion of resistance {unknown}


   Skills:
 + Level 3.3 Fighting
 + Level 3.3 Axes
 + Level 3.3 Dodging
 + Level 1.9 Stealth
 + Level 3.5 Shields


You had 3 spell levels left.
You didn't know any spells.
Your spell library contained the following spells:

 Spells                   Type           Power      Damage    Failure   Level
 Passwall                 Erth           0%         N/A       82%         3
 Volatile Blastmotes      Fire/Tloc      0%         2d10      82%         3
 Bombard                  Conj/Erth      0%         9d1       100%        6


Dungeon Overview and Level Annotations

Branches:
Dungeon (2/15)

Altars:


Innate Abilities, Weirdness & Mutations

You cannot wear most types of armour.
You are amphibious.
You can wear up to eight rings at the same time.
Your skin changes colour to match your surroundings (Stealth+).
Your rubbery body absorbs attacks. (AC +1, EV +1)
((You are camouflaged when in or above water. (Stealth+)))
You have tentacles for arms and can constrict up to eight enemies at once.


Message History

Found a scroll labelled XETILOBUIN.
j - 2 scrolls labelled XETILOBUIN (gained 1)
An endoplasm comes into view.
Found a stone staircase leading up.
The gnoll shouts!
You feel very mighty all of a sudden. 2 gnolls come into view.
The gnoll moves out of view.
The gnoll misses you.
The gnoll shouts! x3
The gnoll closely misses you.
You barely miss the gnoll.
The endoplasm quivers.
The ball python hisses angrily.
You grab the gnoll. You constrict the gnoll!
The gnoll hits you with a +0 halberd.
You hit the gnoll but do no damage.
The gnoll is heavily wounded.
You slash the ball python!
You kill the ball python!
You constrict the gnoll. The gnoll barely misses you.
The gnoll hits you from afar with a +0 halberd!
Unknown command.
You slash the gnoll!
You kill the gnoll!
The gnoll throws a throwing net.
You block the throwing net.
The gnoll hits you from afar with a +0 halberd.
The gnoll closely misses you.
The gnoll hits you from afar with a +0 halberd!
* * * LOW HITPOINT WARNING * * *
You block the gnoll's attack.
You completely miss the gnoll. Your grab misses the gnoll.
You squeeze the gnoll!
You kill the gnoll!
You hit the endoplasm. You block the gnoll's attack.
The gnoll barely misses you. The endoplasm closely misses you.
Unknown command.
It was a potion of haste.
You feel yourself speed up.
The gnoll hits you from afar with a +0 halberd!
You die...

#####.# #.# ......#
#.# #####.# # #.# #
#.# #. #.# #####.#
#. #.# ...##.#
.####.#####.#
##.##.#
............# ##
##.# ..........###
##.##.#.#.....gJ@..#
##....#.#.....g)...#
#####.#.#..........#
.# ##.#.#..........#
.# #...............#
.# #...##..........#
.# #...# ..........#
.# #...# ..........#
.###...##


You could see 2 gnolls and an endoplasm.

Vanquished Creatures
  2 gnolls (D:2)
  2 adders (D:2)
  A ribbon worm (D:2)
  A dart slug (D:2)
  5 ball pythons
  4 endoplasms
  2 giant cockroaches
  4 goblins
  3 hobgoblins (D:1)
  8 jackals (D:2)
  6 kobolds
  2 quokkas (D:1)
  3 bats (D:1)
  10 rats
53 creatures vanquished.

Notes
Turn   | Place    | Note
-------+----------+-------------------------------------------
     0 | D:1      | Dorkslayer the Octopode Fighter began the quest for the
                  | Orb.
     0 | D:1      | Reached XP level 1. HP: 16/16 MP: 1/1
   128 | D:1      | Reached XP level 2. HP: 21/21 MP: 2/2
   288 | D:1      | Reached XP level 3. HP: 25/26 MP: 3/3
   570 | D:2      | Reached skill level 1 in Stealth
   681 | D:2      | Reached XP level 4. HP: 23/31 MP: 4/4
   883 | D:2      | Slain by a gnoll

Illustrated notes

Levels and vault maps discovered:
D:1:      beargit_arrival_greenhouse, layout_rooms, minmay_tromino_i2
D:2:      layout_basic

Skill      XL: |  1  2  3  4 |
---------------+-------------+-----
Stealth        | 1 |  1.9
Axes           | 3 |  3.3
Fighting       | |  3.3
Dodging        | |  3.3
Shields        | |  3.5

Action                     |  1- 3 |  4- 6 || total
---------------------------+-------+-------++-------
  Melee: War axe           |    45 |    16 ||    61
         Tentacles         |     7 |     3 ||    10
         Constrict         |    13 |     6 ||    19
    Use: Potion            |       |     2 ||     2
   Stab: Sleeping          |     3 |       ||     3
 Armour: Skin              |    30 |     8 ||    38
  Dodge: Dodged            |    40 |    16 ||    56
  Block: Buckler           |     5 |     5 ||    10

Table legend: (Time is in decaauts)
 A = Elapsed time spent in this place.
 B = Non-inter-level travel time spent in this place.
 C = Inter-level travel time spent in this place.
 D = Time resting spent in this place.
 E = Time spent auto-exploring this place.
 F = Levels seen in this place.
 G = Mean time per level.
                   A        B        C        D        E       F      G
               +--------+--------+--------+--------+--------+-----+--------+
         Total |    907 |    907 |      0 |      0 |    323 |   2 |  453.5 |
       Dungeon |    907 |    907 |      0 |      0 |    323 |   2 |  453.5 |
               +--------+--------+--------+--------+--------+-----+--------+

Top non-repeatable levels by time:
     D:1: 573 daAuts
     D:2: 334 daAuts
